[Event "Early-Titled-Tuesday-Blitz-May-07-2024"]
[Site "Chess.com"]
[Date "2024.05.07"]
[Round "8"]
[White "talaicito"]
[Black "zajka-molotok"]
[Result "0-1"]
[WhiteElo "2380"]
[BlackElo "2532"]
[TimeControl "180+1"]
[EndTime "9:32:57 PDT"]
[Termination "zajka-molotok won on time"]

1. d4 g6 2. Nc3 Bg7 3. e4 a6 4.
h4 b5 5. h5 gxh5 6. Rxh5 b4 7. Nd5 e6 8. Bg5 f6 9. Rh1 exd5 10.
Qh5+ Kf8 11. Bf4 Qe8 12. Qxd5 Nc6 13. Bxc7 Nge7 14. Bd6 Qf7 15. Qc5 Bb7 16. d5 Ne5 17. Qc7 Bxd5 18. exd5 Qxd5 19. Rd1 Qe4+ 20. Ne2 Kf7 21. Rd4 Qc6 22. f4 Qxc7 23. Bxc7 Ng4 24. Rxd7 Ke6 25. Rd3 Rac8 26. Ba5 Nc6 27. Bb6 f5 28. b3 Rhe8 0-1

[Event "Early-Titled-Tuesday-Blitz-May-07-2024"]
[Site "Chess.com"]
[Date "2024.05.07"]
[Round "8"]
[White "pirulillo"]
[Black "masnyszachistaaa"]
[Result "1-0"]
[WhiteElo "2417"]
[BlackElo "2586"]
[TimeControl "180+1"]
[EndTime "9:32:58 PDT"]
[Termination "pirulillo won by resignation"]

1. e4 e6 2. d3 d5 3. Nd2 c5 4. Ngf3 Nc6 5. g3 Bd6 6. Bg2 Nge7 7. O-O O-O 8. Re1 f6 9. c3 Bc7 10. Qc2 Ng6 11. exd5 exd5 12. d4 cxd4 13. cxd4 Bd7 14. a3 Be8 15. Nb3 Bf7 16. Nc5 Rb8 17. Nxb7 Rxb7 18.
Qxc6 Rb6 19. Qc2 Bd6 20. Bd2 Qc8 21. Bc3 Rb7 22. Nd2 Ne7 23. Nf1 Rd8 24. Ne3 Bb8 25. Rac1 Nc6 26. Ba5 Re8 27. Qxc6 Qxc6 28. Rxc6 Rxb2 29.
Bc7 Rc8 30. Rec1 Bxc7 31. Rxc7 Rcb8 32. Rc8+ 1-0

[Event "Early-Titled-Tuesday-Blitz-May-07-2024"]
[Site "Chess.com"]
[Date "2024.05.07"]
[Round "8"]
[White "Arlo2024"]
[Black "Blackwhite017"]
[Result "1-0"]
[WhiteElo "2403"]
[BlackElo "2129"]
[TimeControl "180+1"]
[EndTime "9:33:04 PDT"]
[Termination "Arlo2024 won on time"]

1. e4 c5 2. Nc3 a6 3. g3 b5 4. Bg2 Bb7 5. d3 e6 6. Nh3 b4 7. Ne2 Nf6 8. O-O Be7 9. f4 d5 10.
e5 Nfd7 11. a3 a5 12. axb4 axb4 13. Rxa8 Bxa8 14. c3 Nc6 15. d4 f5 16. exf6 Bxf6 17. f5 e5 18. dxe5 Ndxe5 19. Nef4 bxc3 20. bxc3 d4 21. Ne6 Qd7 22. Nxc5 Qa7 23. Ne6 Kf7 24.
Nhg5+ Ke7 25. cxd4 1-0

[Event "Early-Titled-Tuesday-Blitz-May-07-2024"]
[Site "Chess.com"]
[Date "2024.05.07"]
[Round "8"]
[White "Navyblue1"]
[Black "dianamirza"]
[Result "1-0"]
[WhiteElo "2234"]
[BlackElo "1926"]
[TimeControl "180+1"]
[EndTime "9:33:04 PDT"]
[Termination "Navyblue1 won by resignation"]

1. d4 Nf6 2. c4 c5 3. d5 b5 4. cxb5 a6 5. e3 g6 6. Nc3 Bg7 7. a4 axb5 8. Bxb5 O-O 9. Nge2 d6 10. O-O Bb7 11. Ra3 Nbd7 12. e4 Nb6 13. a5 Nbd7 14. a6 Bc8 15. Be3 Ng4 16. Bd2 Nb6 17. h3 Ne5 18.
Qb3 c4 19. Qc2 Bd7 20. Be3 Bxb5 21. Nxb5 Nd3 22. Nec3 Qc8 23. Bxb6 Rxa6 24. Rxa6 Qxa6 25. Bd4 Rb8 26. Bxg7 Kxg7 27. b3 Rxb5 28. Nxb5 Qxb5 29. bxc4 1-0

[Event "Early-Titled-Tuesday-Blitz-May-07-2024"]
[Site "Chess.com"]
[Date "2024.05.07"]
[Round "8"]
[White "ahmedkandiliii"]
[Black "Legendinunknown"]
[Result "0-1"]
[WhiteElo "2643"]
[BlackElo "2827"]
[TimeControl "180+1"]
[EndTime "9:33:05 PDT"]
[Termination "Legendinunknown won on time"]

1. e4 e5 2. Nf3 Nc6 3. Bb5 a6 4. Ba4 d6 5. c3 f5 6. exf5 Bxf5 7.
O-O Bd3 8. Re1 Be7 9. Re3 e4 10. Nd4 Nf6 11. Nxc6 bxc6 12. Bxc6+ Kf7 13. Bxa8 Qxa8 14.
Na3 Rf8 15. Nc2 Nd5 16. Re1 Kg8 17. Ne3 Nf4 18. Qg4 h5 19. Qg3 Qd8 20. Nf1 Bg5 21.
h3 Qf6 22. Re3 Bh4 23. Qh2 Ne2+ 24. Rxe2 Bxf2+ 25. Kh1 Bxe2 26. Ne3 Bd3 0-1

[Event "Early-Titled-Tuesday-Blitz-May-07-2024"]
[Site "Chess.com"]
[Date "2024.05.07"]
[Round "8"]
[White "CristianS27"]
[Black "highlama"]
[Result "1-0"]
[WhiteElo "2551"]
[BlackElo "2396"]
[TimeControl "180+1"]
[EndTime "9:33:06 PDT"]
[Termination "CristianS27 won by resignation"]

1. e4 c5 2. Nf3 Nc6 3. d4 cxd4 4. Nxd4 e6 5. Nc3 a6 6. Be2 Qc7 7. O-O b5 8. Nxc6 Qxc6 9. Bf3 Bb7 10. Re1 d6 11. Nd5 Nf6 12. Bg5 Be7 13. Nxe7 Kxe7 14. e5 d5 15. exf6+ gxf6 16. Bh4 Qc4 17. Bg3 Rac8 18.
c3 e5 19. Qd2 h5 20. Bxe5 fxe5 21. Qg5+ Kd6 22. Qxe5+ Kc6 23. Rad1 Kb6 24. Bxd5 Bxd5 25. Qxd5 Qxd5 26. Rxd5 Rc6 27. h4 Rhh6 28. Ree5 Rhe6 29. Rxe6 Rxe6 30. Rxh5 Re2 31. b4 Rxa2 32. Rf5 Rc2 33. Rf3 a5 34. Rf6+ Ka7 35. Rxf7+ Ka6 36. Rf6+ Ka7 37. bxa5 Rxc3 38. Rb6 Rc5 39. g4 b4 40. Rxb4 Rxa5 41. Kg2 Ra3 42. f3 Ka6 43. Kg3 Ka5 44. Rb8 Ra1 45. Ra8+ 1-0

[Event "Early-Titled-Tuesday-Blitz-May-07-2024"]
[Site "Chess.com"]
[Date "2024.05.07"]
[Round "8"]
[White "djano"]
[Black "Heinza9"]
[Result "1-0"]
[WhiteElo "2564"]
[BlackElo "2340"]
[TimeControl "180+1"]
[EndTime "9:33:06 PDT"]
[Termination "djano won on time"]

1. Nc3 f5 2. e4 d6 3. d4 Nf6 4.
Bd3 fxe4 5. Nxe4 g6 6. Bg5 Bg7 7. h4 Nxe4 8. Bxe4 d5 9. Bd3 Nc6 10. c3 Qd6 11. Qe2 e5 12. dxe5 Qxe5 13. Be3 Be6 14.
Nf3 Qd6 15. Ng5 O-O-O 16. Bc5 Qxc5 17. Nxe6 Qe7 18. Nxd8 Qxd8 19. O-O-O Kb8 20. Bb5 Ne5 21. f4 Nf7 22. Rhe1 c6 23. Qe7 Qxe7 24. Rxe7 Rf8 25.
Bd3 Bf6 26. Re6 Bxh4 27. Rh1 g5 28. Rf6 Bg3 29. Rxh7 Bxf4+ 30. Kc2 Rh8 31. Rxh8+ Nxh8 32. Rf8+ 1-0

[Event "Early-Titled-Tuesday-Blitz-May-07-2024"]
[Site "Chess.com"]
[Date "2024.05.07"]
[Round "8"]
[White "Szparu"]
[Black "2Coaches1Profile"]
[Result "1-0"]
[WhiteElo "2923"]
[BlackElo "2578"]
[TimeControl "180+1"]
[EndTime "9:33:07 PDT"]
[Termination "Szparu won by checkmate"]

1. d4 Nf6 2. c4 c5 3. d5 e6 4. Nc3 exd5 5. cxd5 d6 6. e4 g6 7. f4 Bg7 8. Bb5+ Nfd7 9. Nf3 a6 10. Bd3 b5 11. O-O O-O 12. a3 Re8 13. Kh1 Bb7 14. f5 Ne5 15. Nxe5 Bxe5 16. Qf3 Qc7 17. Bd2 c4 18.
Bc2 Qe7 19. Rf2 Nd7 20. Raf1 f6 21. h4 Kg7 22. Qg4 Qf7 23. Ne2 Kh8 24. Nf4 Bxf4 25. Bxf4 Ne5 26. Bxe5 fxe5 27. fxg6 Qxg6 28. Qxg6 hxg6 29.
Rf6 Rad8 30. Rxg6 Re7 31. Rff6 Red7 32. Bd1 a5 33. h5 b4 34. axb4 axb4 35. Bg4 Rc7 36.
Rh6+ Kg8 37. Be6+ Kg7 38. Rfg6+ Kf8 39. Rg8+ Ke7 40. Rh7+ Kf6 41. Rg6# 1-0

[Event "Early-Titled-Tuesday-Blitz-May-07-2024"]
[Site "Chess.com"]
[Date "2024.05.07"]
[Round "8"]
[White "s_stefi"]
[Black "luggevoila"]
[Result "0-1"]
[WhiteElo "1960"]
[BlackElo "2321"]
[TimeControl "180+1"]
[EndTime "9:33:07 PDT"]
[Termination "luggevoila won on time"]

1. e4 d6 2. d3 g6 3. Nd2 Bg7 4. Ngf3 c5 5. g3 Nc6 6. Bg2 Nf6 7. O-O O-O 8. c3 Rb8 9. a4 e5 10. Nc4 h6 11. Ne3 Be6 12. Nd2 d5 13. Qe2 Re8 14. Re1 Rc8 15. Ndf1 Qd7 16. Rd1 Rcd8 17. b3 Kh7 18. Ba3 b6 19. h4 d4 20. cxd4 Nxd4 21. Qe1 Bxb3 22. Rdb1 Bxa4 23. Nc4 Nc2 24. Qc3 Nxa1 25. Rxa1 Qd4 26. Qxd4 Rxd4 27. Bxc5 bxc5 28. Rxa4 Re7 29. Nfe3 Rxd3 30. Bf1 Rb3 31. Bg2 Rb4 32. Ra6 Ne8 0-1

[Event "Early-Titled-Tuesday-Blitz-May-07-2024"]
[Site "Chess.com"]
[Date "2024.05.07"]
[Round "8"]
[White "andrzej"]
[Black "Arhan_Anand"]
[Result "0-1"]
[WhiteElo "2465"]
[BlackElo "2622"]
[TimeControl "180+1"]
[EndTime "9:33:08 PDT"]
[Termination "Arhan_Anand won by resignation"]

1. e4 c5 2. Nf3 g6 3. d4 cxd4 4.
Nxd4 Bg7 5. c4 Nc6 6. Be3 Nf6 7.
Nc3 d6 8. Be2 O-O 9. O-O Be6 10.
Nxe6 fxe6 11. h3 Qa5 12. Qd2 Rfd8 13. Rab1 Qc7 14. b4 Ne5 15. Rfc1 Nxc4 16. Qd3 Nxe3 17. Nd5 Nexd5 18. Rxc7 Nxc7 19. e5 dxe5 20. Qb3 Rac8 21. Rc1 Ncd5 22. Rxc8 Rxc8 23. g3 e4 24. a4 Rc3 25.
Qa2 Kf7 26. a5 Nxb4 27. Qb2 Nfd5 28. Qb1 e3 29. f4 Rc2 30. Bg4 Bd4 31. Kh1 e2 32. h4 Nd3 33. Qxc2 e1=Q+ 34. Kg2 Qg1+ 35. Kh3 Nf2+ 0-1

[Event "Early-Titled-Tuesday-Blitz-May-07-2024"]
[Site "Chess.com"]
[Date "2024.05.07"]
[Round "8"]
[White "IwkooO"]
[Black "Nadtkins"]
[Result "1-0"]
[WhiteElo "2703"]
[BlackElo "2537"]
[TimeControl "180+1"]
[EndTime "9:33:11 PDT"]
[Termination "IwkooO won on time"]

1. e4 e5 2. Nf3 Nc6 3. g3 g6 4.
Bg2 Bg7 5. O-O Nf6 6. Re1 O-O 7.
d3 h6 8. Nbd2 Re8 9. b3 d5 10. Bb2 d4 11. Nc4 b5 12. Ncd2 Be6 13. Nf1 Nd7 14. c3 dxc3 15. Bxc3 Nc5 16. Re3 Qd6 17.
Qc2 b4 18. Bb2 Rab8 19. h3 Rb5 20. Rd1 Rd8 21. Ba1 a5 22. N1d2 h5 23. Bf1 Bh6 24.
Ree1 Rb6 25. Nc4 Bxc4 26. dxc4 Qe7 27. Rd5 Ne6 28. Nxe5 Nxe5 29. Bxe5 c6 30. Rdd1 Rb7 31. Qb2 Rbd7 32. Bf6 Rxd1 33. Rxd1 Qxf6 34. Qxf6 Rxd1 35.
c5 Bg7 36. Qf3 Bd4 37. Qxd1 1-0

[Event "Early-Titled-Tuesday-Blitz-May-07-2024"]
[Site "Chess.com"]
[Date "2024.05.07"]
[Round "8"]
[White "KogotBobra17"]
[Black "Baku_Boulevard"]
[Result "0-1"]
[WhiteElo "2738"]
[BlackElo "3013"]
[TimeControl "180+1"]
[EndTime "9:33:12 PDT"]
[Termination "Baku_Boulevard won by resignation"]

1. e4 c5 2. Nf3 d6 3. d4 cxd4 4. Qxd4 Nc6 5. Bb5 Bd7 6. Bxc6 Bxc6 7. Nc3 Nf6 8. Bg5 e6 9. O-O-O Be7 10. Qd3 Qa5 11. Kb1 O-O 12. h4 Rfc8 13. Nd4 b5 14.
f3 b4 15. Nce2 Be8 16. g4 Rab8 17. Ng3 Rb6 18. Nb3 Qa4 19. Nh5 Ra6 20. Nc1 Bb5 21. Qd2 b3 22. c3 Nxe4 23. fxe4 Qxe4+ 24. Nd3 Rxa2 25. Qe3 Bxd3+ 26. Qxd3 Qa4 27. Kc1 Rxb2 28.
Kxb2 Qa2+ 29. Kc1 b2+ 30. Kd2 b1=Q+ 31. Ke3 Qxd3+ 32. Kxd3 Qd5+ 0-1

[Event "Early-Titled-Tuesday-Blitz-May-07-2024"]
[Site "Chess.com"]
[Date "2024.05.07"]
[Round "8"]
[White "NigiriSushies"]
[Black "IriBu"]
[Result "0-1"]
[WhiteElo "2410"]
[BlackElo "2580"]
[TimeControl "180+1"]
[EndTime "9:33:12 PDT"]
[Termination "IriBu won by checkmate"]

1. d4 Nf6 2. c4 g6 3. Nc3 Bg7 4. e4 d6 5. Nf3 O-O 6. Be2 e5 7. dxe5 dxe5 8. Qxd8 Rxd8 9. Nxe5 Re8 10. Nf3 Nxe4 11.
Nd5 Na6 12. O-O c6 13. Ne3 Be6 14. a3 Rad8 15. Rb1 Nac5 16. Rd1 Nb3 17. Bd3 Nec5 18.
Bc2 Rxd1+ 19. Nxd1 Bxc4 20. Be3 Na4 21. h3 b6 22. Kh2 c5 23. Nd2 Nxd2 24. Bxd2 Re2 25. Bxa4 Rxd2 26. b4 Be2 27. Ne3 c4 28. Bb5 c3 29.
Bxe2 Rxe2 30. Rc1 Rxf2 31. Kg3 Ra2 32. Nc4 h5 33. a4 Rxa4 34. b5 Rxc4 35. Rxc3 Rxc3+ 36.
Kh4 Bf6# 0-1

[Event "Early-Titled-Tuesday-Blitz-May-07-2024"]
[Site "Chess.com"]
[Date "2024.05.07"]
[Round "8"]
[White "ccccvhhhj"]
[Black "th3d4rkness"]
[Result "1-0"]
[WhiteElo "2486"]
[BlackElo "2223"]
[TimeControl "180+1"]
[EndTime "9:33:12 PDT"]
[Termination "ccccvhhhj won by resignation"]

1. e4 c5 2. Nf3 Nc6 3. d4 cxd4 4. Nxd4 Nf6 5. Nc3 e5 6. Ndb5 d6 7. Bg5 a6 8. Na3 b5 9. Bxf6 gxf6 10. Nd5 Bg7 11.
g3 O-O 12. Bg2 Ne7 13. Ne3 Bb7 14. O-O Bh6 15. Qg4+ Kh8 16. Nf5 Nxf5 17. Qxf5 Bc8 18. Qh5 Bg7 19. c3 Be6 20. Nc2 Qd7 21. Ne3 Rab8 22. a3 a5 23. Rad1 b4 24. axb4 axb4 25. c4 Rfc8 26. b3 Bf8 27. Nd5 Bxd5 28. Rxd5 Rc5 29.
Bh3 Qa7 30. Bf5 h6 31. Qh4 Qe7 32. Rfd1 Rxd5 33. Rxd5 Ra8 34. c5 dxc5 35. Rd7 Ra1+ 36. Kg2 c4 37. Rxe7 Bxe7 38. Qxh6+ Kg8 39. Bh7+ 1-0

[Event "Early-Titled-Tuesday-Blitz-May-07-2024"]
[Site "Chess.com"]
[Date "2024.05.07"]
[Round "8"]
[White "aanshnerurkar"]
[Black "yashami"]
[Result "1-0"]
[WhiteElo "2476"]
[BlackElo "779"]
[TimeControl "180+1"]
[EndTime "9:33:12 PDT"]
[Termination "aanshnerurkar won by resignation"]

1. e4 c5 2. Nf3 Nc6 3. Bb5 g6 4. O-O Bg7 5. c3 Nf6 6. Re1 O-O 7. d4 d5 8. e5 Ne4 9. Bxc6 bxc6 10. Be3 Rb8 11.
Qc1 cxd4 12. cxd4 Qb6 13. b3 a5 14. Nc3 Nxc3 15. Qxc3 Bg4 16. Nd2 f6 17. f4 Bd7 18.
Rab1 Qb4 19. Rec1 Qxc3 20. Rxc3 a4 21. b4 fxe5 22. fxe5 Rb5 23. a3 Rb6 24. Rbc1 Rf5 25. Rc5 Ra6 26. R5c3 Rf8 27. Bg5 Kf7 28. Be3 Ke6 29.
Nf3 h6 30. Ne1 g5 31. Nd3 Kf7 32. Nc5 Ra7 33. Nxd7 Rxd7 34. Rxc6 Ra8 35. e6+ 1-0

[Event "Early-Titled-Tuesday-Blitz-May-07-2024"]
[Site "Chess.com"]
[Date "2024.05.07"]
[Round "8"]
[White "SharapovEvgeny"]
[Black "ChessQueen"]
[Result "1/2-1/2"]
[WhiteElo "2638"]
[BlackElo "2800"]
[TimeControl "180+1"]
[EndTime "9:33:14 PDT"]
[Termination "Game drawn by repetition"]

1. e4 c6 2. d4 d5 3. Nc3 dxe4 4.
Nxe4 Nf6 5. Nxf6+ exf6 6. Bc4 Na6 7. Qe2+ Be7 8. Nf3 Nc7 9. O-O Be6 10. Bxe6 Nxe6 11.
c3 Qc7 12. a4 h5 13. Rd1 O-O-O 14. a5 h4 15. a6 b6 16. b4 g5 17. Qe4 Kb8 18. Be3 Rhg8 19. d5 cxd5 20. Rxd5 Rxd5 21.
Qxd5 h3 22. g3 g4 23. Nd4 Nxd4 24. cxd4 Rd8 25. Qb5 Qd7 26. Qxd7 Rxd7 27. b5 Bd6 28. Rc1 Rc7 29. Rxc7 Kxc7 30. Kf1 Kd7 31. Ke2 Ke6 32. Kd3 Kd5 33. Bd2 f5 34. Be3 Bc7 35. Bd2 Bd6 36.
Be3 Bc7 37. Bd2 Bd6 1/2-1/2

[Event "Early-Titled-Tuesday-Blitz-May-07-2024"]
[Site "Chess.com"]
[Date "2024.05.07"]
[Round "8"]
[White "stolencandy13"]
[Black "LoaySameer"]
[Result "0-1"]
[WhiteElo "2661"]
[BlackElo "2543"]
[TimeControl "180+1"]
[EndTime "9:33:14 PDT"]
[Termination "LoaySameer won by checkmate"]

1. d4 Nf6 2. Bf4 g6 3. Nc3 d5 4.
Nf3 Bg7 5. Qd2 c5 6. e3 Nc6 7.
O-O-O Qa5 8. Kb1 O-O 9. Ne5 Bf5 10. Nxc6 bxc6 11. Nxd5 Bxc2+ 12. Ka1 Qxd2 13. Nxe7+ Kh8 14. Rxd2 Ba4 15. b3 Ne4 16. Rc2 cxd4 17. bxa4 d3+ 18. Rb2 Rab8 19. Bxb8 Rxb8 20. Bxd3 Rxb2 21. a3 Nd2 22. Bc4 Rc2# 0-1

[Event "Early-Titled-Tuesday-Blitz-May-07-2024"]
[Site "Chess.com"]
[Date "2024.05.07"]
[Round "8"]
[White "Kiborg95"]
[Black "viktorskliarov"]
[Result "0-1"]
[WhiteElo "2838"]
[BlackElo "2670"]
[TimeControl "180+1"]
[EndTime "9:33:15 PDT"]
[Termination "viktorskliarov won by resignation"]

1. e4 c5 2. Nc3 Nc6 3. Nge2 Nf6 4.
d4 cxd4 5. Nxd4 e5 6. Ndb5 d6 7. Bg5 a6 8. Na3 b5 9. Bxf6 gxf6 10. Nd5 f5 11. c3 Bg7 12. exf5 Bxf5 13. Nc2 O-O 14.
Nce3 Be6 15. Bd3 f5 16. O-O Ra7 17. Qh5 Raf7 18. Bc2 Kh8 19. Rad1 Ne7 20. Rd2 Nxd5 21. Nxd5 Bxd5 22. Rxd5 Qb6 23. a3 e4 24. Kh1 Be5 25. f4 exf3 26. Rxf3 Qc6 27. Rd2 Qc4 28. Rdf2 Qa2 29.
Bxf5 Rxf5 30. Rxf5 Qb1+ 0-1

[Event "Early-Titled-Tuesday-Blitz-May-07-2024"]
[Site "Chess.com"]
[Date "2024.05.07"]
[Round "8"]
[White "Sokoloco"]
[Black "GrotBchess"]
[Result "1-0"]
[WhiteElo "2807"]
[BlackElo "2506"]
[TimeControl "180+1"]
[EndTime "9:33:19 PDT"]
[Termination "Sokoloco won by resignation"]

1. g3 Nf6 2. Bg2 e6 3. e4 d5 4. e5 Nfd7 5. d4 c5 6. c3 Nc6 7. Ne2 Be7 8. O-O Qb6 9. a3 O-O 10. b4 cxd4 11. cxd4 a5 12. bxa5 Rxa5 13. a4 Qa7 14. Nbc3 b6 15. Nb5 Qa8 16. Nec3 Ba6 17. Rb1 Bb4 18. Bd2 Rc8 19. Nxd5 Bxb5 20. axb5 Bxd2 21.
bxc6 1-0

[Event "Early-Titled-Tuesday-Blitz-May-07-2024"]
[Site "Chess.com"]
[Date "2024.05.07"]
[Round "8"]
[White "DenisQ"]
[Black "ckgchess"]
[Result "1/2-1/2"]
[WhiteElo "2723"]
[BlackElo "2898"]
[TimeControl "180+1"]
[EndTime "9:33:20 PDT"]
[Termination "Game drawn by repetition"]

1. Nf3 g6 2. g3 Bg7 3. Bg2 e5 4.
O-O d5 5. d3 Ne7 6. e4 O-O 7.
exd5 Nxd5 8. Nc3 Nb6 9. Re1 Nc6 10. Bg5 f6 11. Be3 Be6 12. d4 Bg4 13. dxe5 Qxd1 14.
Nxd1 fxe5 15. Ng5 Rad8 16. Bxb6 axb6 17. Ne3 Bh6 18. Nxg4 Bxg5 19. Bxc6 bxc6 20. Rxe5 Rf5 21. Rae1 Rd2 22. R5e2 h5 23. Rxd2 Bxd2 24. Re2 Bc1 25. Ne3 Ra5 26. a3 Bxb2 27. Nc4 Rb5 28. a4 Rb4 29.
Nxb2 Rxb2 30. Re7 Rxc2 31. Rxc7 Rc4 32. h4 c5 33. Rc6 Kf7 34. Rxb6 Rxa4 35. Rc6 Rc4 36.
Kf1 Rc2 37. Kg2 c4 38. Kf3 c3 39. Ke3 Rc1 40. Kd3 Rf1 41. Ke2 Rc1 42. Kd3 Rd1+ 43.
Ke3 Re1+ 44. Kd3 Rf1 45. Ke2 Rc1 46. Kd3 1/2-1/2

[Event "Early-Titled-Tuesday-Blitz-May-07-2024"]
[Site "Chess.com"]
[Date "2024.05.07"]
[Round "8"]
[White "miaou33"]
[Black "scarabee43"]
[Result "0-1"]
[WhiteElo "2570"]
[BlackElo "2828"]
[TimeControl "180+1"]
[EndTime "9:33:22 PDT"]
[Termination "scarabee43 won by checkmate"]

1. e4 c5 2. Nf3 e6 3. g3 Nc6 4. Bg2 Nf6 5. d3 d5 6. exd5 Nxd5 7. O-O Be7 8. Nc3 O-O 9. Re1 Nxc3 10. bxc3 Bf6 11. Bd2 b6 12. Ng5 Bb7 13. Qh5 h6 14. Ne4 Be7 15. Bxh6 gxh6 16. Qxh6 Ne5 17. Nd6 Nf3+ 18.
Bxf3 Bxf3 19. Re5 Qxd6 20. Rae1 Qd8 21. R1e3 Bf6 22. R5e4 Bg7 23. Qh3 Bxe4 24. Rxe4 f5 25. Rxe6 Qd5 26. Rg6 Rae8 27. Kf1 Qh1# 0-1

[Event "Early-Titled-Tuesday-Blitz-May-07-2024"]
[Site "Chess.com"]
[Date "2024.05.07"]
[Round "8"]
[White "mind1mover"]
[Black "Yeritsyaan"]
[Result "1-0"]
[WhiteElo "2901"]
[BlackElo "2715"]
[TimeControl "180+1"]
[EndTime "9:33:23 PDT"]
[Termination "mind1mover won by checkmate"]

1. e4 e5 2. Nf3 Nc6 3. Bc4 Bc5 4. d3 Nf6 5. Be3 Bb6 6. Nc3 d6 7. O-O Bg4 8. h3 Bh5 9. g4 Bg6 10. Bg5 h6 11. Bh4 h5 12. g5 Nd7 13. Nd5 Nc5 14. Qd2 Ne6 15. Kh2 Qd7 16. a4 a6 17. b4 Ne7 18. a5 Nxd5 19. exd5 Nf4 20. Ng1 Bd4 21.
c3 Ba7 22. Bg3 Qf5 23. Bxf4 exf4 24. Rae1+ Kf8 25. Nf3 h4 26. Re4 Qd7 27. Qxf4 Bxe4 28.
dxe4 Re8 29. Nxh4 Kg8 30. Nf5 b5 31. axb6 Bxb6 32. h4 a5 33. b5 a4 34. Ra1 Ra8 35. e5 dxe5 36. Qxe5 Bc5 37. Qxg7# 1-0

[Event "Early-Titled-Tuesday-Blitz-May-07-2024"]
[Site "Chess.com"]
[Date "2024.05.07"]
[Round "8"]
[White "Aleksandar-Topalov"]
[Black "GMthekingindian"]
[Result "1-0"]
[WhiteElo "2399"]
[BlackElo "2256"]
[TimeControl "180+1"]
[EndTime "9:33:24 PDT"]
[Termination "Aleksandar-Topalov won on time"]

1. b3 d5 2. Bb2 Bg4 3. g3 Nf6 4. Bg2 e6 5. Nf3 c5 6. Ne5 Bh5 7. O-O Nbd7 8. Nxd7 Qxd7 9. d3 Be7 10. Nd2 d4 11. Qe1 e5 12. e3 O-O 13. Nc4 Qc7 14. a4 Rfe8 15. Bc1 Rad8 16. exd4 exd4 17. Bf4 Qc8 18.
Qa5 Nd5 19. Bd2 b6 20. Qxa7 Qe6 21. Rfe1 Qf6 22. h4 Bf3 23. Bg5 Ra8 24. Bxf6 Rxa7 25.
Bxe7 Bxg2 26. Bxc5 Rxe1+ 27. Rxe1 Nf6 28. Bxb6 Rb7 29.
Kxg2 1-0

[Event "Early-Titled-Tuesday-Blitz-May-07-2024"]
[Site "Chess.com"]
[Date "2024.05.07"]
[Round "8"]
[White "LikeWater"]
[Black "super_emi_26"]
[Result "0-1"]
[WhiteElo "2679"]
[BlackElo "2874"]
[TimeControl "180+1"]
[EndTime "9:33:26 PDT"]
[Termination "super_emi_26 won by resignation"]

1. e4 c5 2. Nf3 g6 3. c3 Bg7 4. d4 cxd4 5. cxd4 d5 6. e5 Nc6 7. Bb5 Bg4 8. Nbd2 Qb6 9. Qa4 e6 10.
Bxc6+ bxc6 11. b3 Nh6 12. Ba3 Bf8 13. Rc1 Qb5 14. Bxf8 Qxa4 15. bxa4 Rxf8 16. Ng5 Kd7 17. Nxh7 Rfb8 18. Nf6+ Kc7 19. Nb3 Bf5 20. Kd2 Rb4 21. Rc3 Rxa4 22. Rhc1 Rxa2+ 23. Ke3 Ra6 24. Kf4 Ng8 25.
g4 Nxf6 26. exf6 g5+ 27. Ke5 Bg6 28. Nc5 Rb6 29. Na4 Ra6 30. Nc5 Ra2 31. Nxe6+ fxe6 32. Rxc6+ Kb7 33. Rc7+ Kb6 34. R1c6+ Kb5 35. Kxe6 Re2+ 36. Kd7 Be8+ 37. Kd6 Bxc6 38. Rxc6 0-1

[Event "Early-Titled-Tuesday-Blitz-May-07-2024"]
[Site "Chess.com"]
[Date "2024.05.07"]
[Round "8"]
[White "subham777"]
[Black "Sofia_Blokhin"]
[Result "1-0"]
[WhiteElo "2475"]
[BlackElo "2265"]
[TimeControl "180+1"]
[EndTime "9:33:28 PDT"]
[Termination "subham777 won by resignation"]

1. e4 c5 2. Nf3 e6 3. g3 Nc6 4.
Bg2 d5 5. exd5 exd5 6. O-O g6 7. d4 c4 8. Re1+ Nge7 9. Bg5 Bg7 10. Qe2 f6 11. Bf4 O-O 12. Nc3 Nf5 13. Rad1 a6 14. Na4 b5 15. Nc5 Qb6 16. c3 g5 17. Bc1 Nd6 18. h4 h6 19. hxg5 hxg5 20. Nxg5 fxg5 21. Bxd5+ Nf7 22. Bxg5 Ra7 23. Qf3 Bb7 24. Nxb7 Rxb7 25. Bc1 Rc7 26. Re6 Nfe5 27. Rxe5+ Kh8 28. Qh5+ 1-0

[Event "Early-Titled-Tuesday-Blitz-May-07-2024"]
[Site "Chess.com"]
[Date "2024.05.07"]
[Round "8"]
[White "watermelonattackk"]
[Black "AccioChess"]
[Result "1-0"]
[WhiteElo "2570"]
[BlackElo "2447"]
[TimeControl "180+1"]
[EndTime "9:33:29 PDT"]
[Termination "watermelonattackk won by resignation"]

1. d4 Nf6 2. c4 c5 3. d5 b5 4.
cxb5 a6 5. bxa6 g6 6. g3 Bg7 7.
Bg2 d6 8. Nc3 O-O 9. Nf3 Rxa6 10.
O-O Bb7 11. Nd2 Nbd7 12. Qc2 Qa8 13. e4 Qb8 14. h3 e6 15. dxe6 fxe6 16. Rb1 d5 17. exd5 exd5 18. b4 cxb4 19. Rxb4 Qc8 20. Bb2 Nc5 21. Nb5 Ba8 22. Rc1 Rxa2 23. Qb1 Rxb2 24.
Rxb2 Nfe4 25. Nxe4 dxe4 26. Rbc2 Qf5 27. Rxc5 Qxf2+ 28. Kh1 e3 29. Bxa8 Qxg3 30. Bg2 e2 31. Qa2+ Kh8 32.
Qxe2 Bh6 33. Rf1 Bf4 34. Rxf4 Qxf4 35. Qe5+ Qxe5 36. Rxe5 Kg7 37. Nc7 h5 38. Ne6+ Kf6 39.
Nxf8 Kxe5 40. Nxg6+ Kf5 41. Ne7+ 1-0

[Event "Early-Titled-Tuesday-Blitz-May-07-2024"]
[Site "Chess.com"]
[Date "2024.05.07"]
[Round "8"]
[White "Journey_to_GrandMaster_YT"]
[Black "Kushch_Nikolai"]
[Result "0-1"]
[WhiteElo "2530"]
[BlackElo "2437"]
[TimeControl "180+1"]
[EndTime "9:33:29 PDT"]
[Termination "Kushch_Nikolai won by resignation"]

1. d4 Nf6 2. Nf3 e6 3. e3 b6 4.
Bd3 Bb7 5. Nbd2 c5 6. O-O Be7 7.
b3 O-O 8. Bb2 Qc7 9. c4 d6 10. Qe2 a6 11. Rad1 Nbd7 12. Rfe1 Rac8 13. Bb1 Qb8 14. h3 Qa8 15. Nf1 Rfe8 16. Ng3 Nf8 17.
d5 exd5 18. Nf5 N8d7 19. Nxe7+ Rxe7 20. Nh4 d4 21. Qd3 Be4 22. Qd2 Bxb1 23. Rxb1 dxe3 24.
Rxe3 Rxe3 25. Qxe3 Re8 26. Qg3 Qe4 27. Rd1 Qe2 28. Rxd6 Qxb2 29. Nf5 g6 30. Nh6+ Kg7 31. Qh4 Qc1+ 32. Kh2 Qxh6 33. Qg3 Ne4 0-1

[Event "Early-Titled-Tuesday-Blitz-May-07-2024"]
[Site "Chess.com"]
[Date "2024.05.07"]
[Round "8"]
[White "C_K_G"]
[Black "kanzaww"]
[Result "0-1"]
[WhiteElo "2284"]
[BlackElo "2502"]
[TimeControl "180+1"]
[EndTime "9:33:30 PDT"]
[Termination "kanzaww won by resignation"]

1. e4 e5 2. Nf3 Nc6 3. Bc4 Nf6 4.
Ng5 d5 5. exd5 Na5 6. Bb5+ Bd7 7. Bxd7+ Qxd7 8. Nc3 Nxd5 9. Nxd5 Qxd5 10. O-O Be7 11. d3 h6 12. Nf3 O-O 13. Re1 Nc6 14. Bd2 f5 15. Bc3 Bf6 16. h3 Rae8 17. Nd2 b5 18. Qh5 b4 19. Qxf5 bxc3 20. bxc3 Bh4 21.
Qg4 Bxf2+ 22. Kh1 Bxe1 23. Rxe1 Qc5 24. Ne4 Qe7 25. Qg6 Qe6 26. Qg3 Qf5 27. Kg1 Nd8 28.
Qh4 Ne6 29. Kh1 Nf4 30. Rf1 Ng6 31. Rxf5 Nxh4 32. Rxf8+ Kxf8 0-1

[Event "Early-Titled-Tuesday-Blitz-May-07-2024"]
[Site "Chess.com"]
[Date "2024.05.07"]
[Round "8"]
[White "baki83"]
[Black "PavelShkapenko"]
[Result "1-0"]
[WhiteElo "2921"]
[BlackElo "2722"]
[TimeControl "180+1"]
[EndTime "9:33:33 PDT"]
[Termination "baki83 won by resignation"]

1. e4 e5 2. Nf3 Nc6 3. Bb5 Bc5 4. O-O d6 5. c3 Bd7 6. d4 Bb6 7. Be3 Nge7 8. Nbd2 O-O 9. a4 a6 10. Bc4 Bg4 11.
h3 Bxf3 12. Nxf3 exd4 13. cxd4 d5 14. Bd3 dxe4 15. Bxe4 f5 16. Bxc6 Nxc6 17. d5 Bxe3 18. dxc6 Qxd1 19. Rfxd1 Bc5 20. cxb7 Rab8 21. Ne5 Rxb7 22.
Nd7 Bxf2+ 23. Kxf2 Rxb2+ 24. Kf1 Re8 25. Re1 Kf7 26.
Nc5 Rxe1+ 27. Rxe1 a5 28. Re5 g6 29. Nd3 Rd2 30. Ne1 Ra2 31. Rxa5 Ke6 32. Nd3 Kd6 33.
Ra6+ Kd5 34. Nb4+ 1-0